 Dungeon Crawl Stone Soup version 0.26-a0-812-g31a745ddcd (webtiles) character file.

Game seed: 17455149902696083362

22215 HoaS the Bludgeoner (level 13, -14/86 HPs)
             Began as a Formicid Fighter on Nov 29, 2020.
             Was an Elder of Makhleb.
             Demolished by a boulder beetle (21 damage)
             ... on level 2 of the Lair of Beasts.
             The game lasted 00:29:07 (11464 turns).

HoaS the Bludgeoner (Formicid Fighter)             Turns: 11464, Time: 00:29:08

Health: -14/86     AC: 14    Str: 23    XL:     13   Next: 25%
Magic:  13/13      EV:  6    Int: 10    God:    Makhleb [****..]
Gold:   616        SH: 16    Dex: 11    Spells: 12/12 levels left

rFire    + . .     SeeInvis +   n - +1 dire flail (protect)
rCold    . . .     Faith    .   q - +0 kite shield {rF+}
rNeg     . . .     Spirit   .   m - +1 plate armour
rPois    +         Reflect  +   (helmet unavailable)
rElec    .         Harm     .   (no cloak)
rCorr    +         Rampage  .   (no gloves)
MR       +....                  w - +1 pair of boots
Stlth    ..........             k - amulet of reflection
HPRegen  0.24/turn              l - ring of poison resistance
MPRegen  0.13/turn              u - ring of resist corrosion

@: no status effects
A: permanent stasis, dig shafts and tunnels, four strong arms, antennae 3
a: Dig, Shaft Self, Minor Destruction, Lesser Servant of Makhleb, Major
Destruction, Renounce Religion


You were on level 2 of the Lair of Beasts.
You worshipped Makhleb.
Makhleb was greatly pleased with you.
You visited 3 branches of the dungeon, and saw 13 of its levels.

You collected 777 gold pieces.
You spent 161 gold pieces at shops.

Inventory:

Hand Weapons
 n - a +1 dire flail of protection (weapon)
Armour
 m - a +1 plate armour (worn)
 q - a +0 kite shield of fire resistance (worn)
 w - a +1 pair of boots (worn)
Jewellery
 h - an uncursed ring of flight
 k - an amulet of reflection (around neck)
 l - a ring of poison resistance (left hand)
 u - a ring of resist corrosion (right hand)
 C - an uncursed ring of wizardry {unknown}
Wands
 c - a wand of polymorph (6)
 e - a wand of paralysis (9)
 f - a wand of random effects (37)
 y - a wand of iceblast (5)
Scrolls
 i - 5 scrolls of fear
 s - 6 scrolls of remove curse
 t - 3 scrolls of magic mapping
 v - 4 scrolls of identify
 z - 3 scrolls of fog
 B - a scroll of enchant armour
Potions
 a - 3 potions of heal wounds
 b - 2 potions of mutation
 d - 5 potions of might
 g - 2 potions of attraction
 j - 4 potions of curing
 o - 2 potions of cancellation
 p - 4 potions of lignification
 r - 9 potions of ambrosia
 x - a potion of resistance
 A - a potion of flight {unknown}


   Skills:
 - Level 3.2 Fighting
 * Level 18.6 Maces & Flails
 - Level 3.2 Armour
 - Level 9.0 Shields


You had 12 spell levels left.
You didn't know any spells.
Your spell library contained the following spells:

 Spells                   Type           Power        Failure   Level
 Corona                   Hex            #......      100%        1
 Magic Dart               Conj           #...         100%        1
 Sting                    Tmut/Pois      #...         100%        1
 Call Imp                 Summ           #.......     100%        2
 Ensorcelled Hibernation  Hex/Ice        #.....       100%        2
 Poisonous Vapours        Pois/Air       #.....       100%        2
 Slow                     Hex            #.......     100%        2
 Confusing Touch          Hex            #.......     100%        3
 Conjure Flame            Conj/Fire      #.......     100%        3
 Dazzling Flash           Conj/Hex       #.....       100%        3
 Gell's Gravitas          Tloc           #.........   100%        3
 Ignite Poison            Fire/Tmut/Pois #.......     100%        3
 Mephitic Cloud           Conj/Pois/Air  #.......     100%        3
 Tukima's Dance           Hex            #.......     100%        3
 Olgreb's Toxic Radiance  Pois           #.......     100%        4
 Petrify                  Tmut/Erth      #.......     100%        4
 Metabolic Englaciation   Hex/Ice        #.........   100%        5
 Yara's Violent Unravell  Hex/Tmut       #.........   100%        5
 Blink                    Tloc           Unusable     N/A         2

Dungeon Overview and Level Annotations

Branches:
Dungeon (10/15)            Temple (1/1) D:4            Lair (2/6) D:10
  Swamp: Lair:2-4    Shoals: Lair:2-4     Snake: Lair:2-4    Spider: Lair:2-4
    Orc: D:9-12

Altars:
Ashenzari
Cheibriados
Dithmenos
Elyvilon
Fedhas
Gozag
Hepliaklqana
Kikubaaqudgha
Makhleb
Nemelex Xobeh
Okawaru
Qazlal
Ru
Sif Muna
Trog
Uskayaw
Vehumet
Wu Jian
Xom
Yredelemnul
Zin
The Shining One
Jiyva

Shops:
D:5 [   D:8 (


Innate Abilities, Weirdness & Mutations

You cannot be hasted, slowed, berserked, paralysed or teleported.
You can dig through walls and to a lower floor.
Your four strong arms can wield two-handed weapons with a shield.
You have a pair of large antennae on your head. (SInv)


Message History

The boulder beetle is almost dead.
The boulder beetle curls into a ball and begins rolling!
You barely miss the boulder beetle.
The boulder beetle is almost dead.
The boulder beetle blinks!
You swing at nothing.
The boulder beetle hits you!!!
Ouch! That really hurt!
The boulder beetle stops rolling and uncurls.
You swing at nothing.
The boulder beetle blinks!
You swing at nothing.
The boulder beetle bites you but does no damage.
You swing at nothing.
You swing at nothing.
You block the boulder beetle's attack.
You swing at nothing.
The boulder beetle bites you!!
* * * LOW HITPOINT WARNING * * *
You swing at nothing.
You swing at nothing.
You block the boulder beetle's attack.
You swing at nothing.
You swing at nothing.
The boulder beetle bites you!!
You die...

....)........................(...
.............#....#..#.###.......
##...........######.#### #.....#.
.............# #'#### ##.....#
#P..........## ##...###......#
##..........# ####.##.....##
............## ##†..###.......
##...........# ####)#### ##....##
..{.........####@BB## #.....##
P............##.#### ##.....#
#............###...## ##......
............## ####B# #.......
..........[..# #'''# #.......
.........[..## #...# ##......
.)...........# ##+## ##......
#...........## S§ §S #.......
#...........## #≈§ §§# ##......


You could see 2 boulder beetles.

Vanquished Creatures
  3 hydras
  A death knight (D:8)
  A two-headed ogre (D:8)
  5 death yaks
  A tengu warrior (D:8)
  A wolf spider (Lair:2)
  2 oklob plants (Lair:1)
  3 black mambas
  3 cane toads (Lair:2)
  A centaur skeleton (D:10)
  4 komodo dragons
  A jumping spider (Lair:2)
  2 trolls (D:10)
  A queen bee (Lair:1)
  7 blink frogs
  A spriggan (D:9)
  A wraith (D:10)
  17 yaks
  A basilisk (Lair:1)
  5 water moccasins
  An orc warrior (D:9)
  3 sky beasts
  2 phantoms
  3 black bears
  2 ice beasts
  6 ogres
  2 centaurs
  A big kobold (D:9)
  10 bullfrogs
  A wyvern zombie (D:6)
  4 scorpions
  29 killer bees
  5 wights (D:10)
  An electric eel (D:8)
  2 bullfrog zombies
  A centaur zombie (D:8)
  8 hounds
  8 jellies
  An orc priest (D:6)
  6 orc wizards
  Natasha (thrice) (D:2)
  Terence (D:2)
  2 iguanas
  10 worker ants
  2 hound zombies
  10 adders
  A shadow imp (D:9)
  3 white imps
  An ufetubus (D:9)
  2 adder zombies
  2 worms (D:2)
  5 leopard geckos
  20 orcs
  11 bats
  2 giant cockroaches
  10 hobgoblins
  4 jackals (D:5)
  10 kobolds
  A ball python (D:4)
  3 frilled lizards
  5 goblins
  A quokka skeleton (D:8)
  2 rats (D:1)
268 creatures vanquished.

Vanquished Creatures (others)
  7 fungi
  18 plants
25 creatures vanquished.

Grand Total: 293 creatures vanquished

Notes
Turn   | Place    | Note
-------+----------+-------------------------------------------
     0 | D:1      | HoaS the Formicid Fighter began the quest for the Orb.
     0 | D:1      | Reached XP level 1. HP: 18/18 MP: 1/1
    75 | D:1      | Reached XP level 2. HP: 19/24 MP: 2/2
   413 | D:1      | Reached XP level 3. HP: 29/29 MP: 3/3
   521 | D:1      | Reached skill level 3 in Maces & Flails
   889 | D:2      | Noticed Terence
   899 | D:2      | Killed Terence
   899 | D:2      | Reached XP level 4. HP: 28/35 MP: 4/4
   905 | D:2      | Noticed Natasha
   923 | D:2      | Killed Natasha
   923 | D:2      | Reached skill level 4 in Maces & Flails
   929 | D:2      | Reached XP level 5. HP: 17/41 MP: 5/5
  1256 | D:2      | Noticed Natasha
  1264 | D:2      | Killed Natasha
  1403 | D:2      | Noticed a sky beast
  1417 | D:2      | Killed a sky beast
  1417 | D:2      | Reached skill level 5 in Maces & Flails
  1417 | D:2      | Reached skill level 5 in Shields
  1417 | D:2      | Reached XP level 6. HP: 37/47 MP: 6/6
  1495 | D:2      | Noticed Natasha
  1500 | D:2      | Killed Natasha
  1836 | D:3      | Found a white marble altar of Elyvilon.
  1888 | D:3      | Found a snail-covered altar of Cheibriados.
  2006 | D:3      | Noticed a sky beast
  2022 | D:3      | Killed a sky beast
  2134 | D:3      | Reached XP level 7. HP: 38/52 MP: 7/7
  2324 | D:4      | Found a shimmering blue altar of Sif Muna.
  2324 | D:4      | Found a basalt altar of Yredelemnul.
  2324 | D:4      | Found a shimmering altar of Xom.
  2445 | D:4      | Found a staircase to the Ecumenical Temple.
  2455 | Temple   | Entered the Ecumenical Temple
  2512 | Temple   | Became a worshipper of Makhleb the Destroyer
  2618 | D:4      | Reached skill level 6 in Maces & Flails
  2803 | D:4      | Found a blossoming altar of Fedhas.
  3046 | D:5      | Entered Level 5 of the Dungeon
  3179 | D:5      | Found Guetzos's Armour Emporium.
  3202 | D:5      | Bought a +0 kite shield of fire resistance for 161 gold
                  | pieces
  3465 | D:5      | Found a sacrificial altar of Ru.
  3929 | D:6      | Reached skill level 7 in Maces & Flails
  3929 | D:6      | Reached XP level 8. HP: 53/58 MP: 8/8
  4348 | D:6      | Reached skill level 8 in Maces & Flails
  4934 | D:7      | Found a hide-covered altar of Uskayaw.
  5028 | D:7      | Reached XP level 9. HP: 61/64 MP: 9/9
  5032 | D:7      | Reached skill level 9 in Maces & Flails
  5243 | D:7      | Found a sparkling altar of Nemelex Xobeh.
  5378 | D:7      | Got a transparent cloak
  5967 | D:8      | Noticed a two-headed ogre
  5970 | D:8      | Noticed a death knight
  5974 | D:8      | Killed a two-headed ogre
  5974 | D:8      | Reached skill level 10 in Maces & Flails
  5988 | D:8      | Killed a death knight
  5988 | D:8      | Reached * piety under Makhleb
  5988 | D:8      | Reached skill level 11 in Maces & Flails
  5988 | D:8      | Reached XP level 10. HP: 35/70 MP: 10/10
  6001 | D:8      | Noticed a tengu warrior
  6018 | D:8      | HP: 2/70 [tengu warrior/+0 dire flail of protection (2)]
  6019 | D:8      | Killed a tengu warrior
  6019 | D:8      | Reached skill level 12 in Maces & Flails
  6615 | D:8      | Identified the cursed -7 cloak of Lesser Demons {Int+3}
                  | (You found it on level 7 of the Dungeon)
  6798 | D:8      | Found a viscous altar of Jiyva.
  6804 | D:8      | Reached skill level 13 in Maces & Flails
  6809 | D:8      | Reached ** piety under Makhleb
  7206 | D:8      | Found Ozyapto's Weapon Emporium.
  7357 | D:9      | Found a radiant altar of Vehumet.
  7932 | D:9      | Reached XP level 11. HP: 75/75 MP: 11/11
  8058 | D:10     | Entered Level 10 of the Dungeon
  8106 | D:10     | Reached skill level 14 in Maces & Flails
  8152 | D:10     | Reached *** piety under Makhleb
  8435 | D:10     | Reached skill level 15 in Maces & Flails
  8641 | D:10     | Found a staircase to the Lair.
  8758 | Lair:1   | Entered Level 1 of the Lair of Beasts
  8764 | Lair:1   | Noticed an eight-headed hydra
  8771 | Lair:1   | Killed an eight-headed hydra
  8866 | Lair:1   | Reached **** piety under Makhleb
  8940 | Lair:1   | Reached XP level 12. HP: 76/81 MP: 12/12
  8945 | Lair:1   | Reached skill level 16 in Maces & Flails
  9482 | Lair:1   | Noticed a four-headed hydra
  9495 | Lair:1   | Killed a four-headed hydra
  9495 | Lair:1   | Reached skill level 17 in Maces & Flails
 10059 | Lair:2   | Noticed a four-headed hydra
 10108 | Lair:2   | Killed a four-headed hydra
 10371 | Lair:2   | Found a runed translucent door.
 10470 | Lair:2   | Noticed a death yak
 10471 | Lair:2   | Noticed a death yak
 10474 | Lair:2   | Noticed a death yak
 10476 | Lair:2   | Noticed a death yak
 10477 | Lair:2   | Noticed a death yak
 10653 | Lair:1   | Killed a death yak
 10653 | Lair:1   | Reached skill level 18 in Maces & Flails
 10653 | Lair:1   | Reached XP level 13. HP: 58/86 MP: 13/13
 11428 | Lair:2   | Noticed a boulder beetle
 11428 | Lair:2   | Noticed a boulder beetle
 11464 | Lair:2   | Demolished by a boulder beetle

Illustrated notes

Levels and vault maps discovered:
D:1:      dpeg_arrival_windows_large_door, layout_loops_ring
D:2:      layout_basic, uniq_natasha, uniq_terence
D:3:      layout_basic, elyvilon_altar_1, nicolae_overflow_hidden_temple
D:4:      layout_rooms, kennysheep_mini_moat,
          chequers_temple_overflow_statue_of_worship, minmay_temple_entry_waves
D:5:      layout_loops_ring, basic_altar, serial_shops, shop_statue
D:6:      layout_gridville, serial_co_window_serial, co_window_paths_a,
          co_window_of_opportunity_a, co_window_paths_a,
          co_window_of_opportunity_a, co_window_of_opportunity_a,
          co_window_paths_b, co_window_corner_cb, co_window_cross_3,
          co_window_of_opportunity_b, co_window_cross_3, co_window_2corner,
          co_window_2corner, co_window_2corner, co_window_4corner_b,
          glass_columns_a, glass_columns_a, glass_columns_c
D:7:      layout_layer_cave, kennysheep_mini, marbit_many_paths
D:8:      minmay_ornate_pinched, layout_cave_pods, serial_shops, shop,
          chequers_avenue, serial_bayou_lagoon_a, jiyva_altar_1
D:9:      layout_roguey, overflow_temple_1_default, the_bakery
D:10:     layout_roguey, david_lair_shrubbed
Temple:   cyrus_circular_temple
Lair:1:   layout_roguey [special_room_bee], chequers_serial_rivers_small_a,
          infiniplex_staircase_pool, lemuel_fruit_tree,
          minmay_lair_oklob_chamber, serial_bayou_shore_b
Lair:2:   gammafunk_indiana_jones, layout_regular_city, serial_bayou_shore_a

Skill      XL: |  1  2  3  4  5  6  7  8  9 10 11 12 |
---------------+-------------------------------------+-----
Shields        | 4 5 6 8 9 |  9.0
Maces & Flails | 3 4 5 7 8 11 13 15 18 | 18.6
Fighting       | |  3.2
Armour         | |  3.2

Action                   |  1- 3 |  4- 6 |  7- 9 | 10-12 | 13-15 || total
-------------------------+-------+-------+-------+-------+-------++-------
Melee: Flail             |   117 |    75 |   320 |    42 |       ||   554
       Dire flail        |       |       |       |   929 |    80 ||  1009
 Abil: Dig               |       |       |       |     2 |       ||     2
  Use: Scroll            |     4 |     4 |    16 |    10 |       ||    34
       Potion            |       |       |     1 |     4 |       ||     5
Armor: Scale mail        |    52 |    18 |     2 |       |       ||    72
       Plate armour      |       |       |    78 |   212 |    15 ||   305
Dodge: Dodged            |    24 |    14 |    47 |    94 |    10 ||   189
Block: Kite shield       |    64 |    48 |   220 |   507 |    35 ||   874
       Reflection        |       |       |     1 |     9 |       ||    10

Table legend: (Time is in decaauts)
 A = Elapsed time spent in this place.
 B = Non-inter-level travel time spent in this place.
 C = Inter-level travel time spent in this place.
 D = Time resting spent in this place.
 E = Time spent auto-exploring this place.
 F = Levels seen in this place.
 G = Mean time per level.
                   A        B        C        D        E       F      G
               +--------+--------+--------+--------+--------+-----+--------+
         Total |  11141 |  10814 |    327 |   1657 |   6876 |  13 |  857.0 |
       Dungeon |   8583 |   8320 |    263 |   1163 |   5488 |  10 |  858.3 |
        Temple |     66 |     58 |      8 |      0 |     42 |   1 |   66.0 |
          Lair |   2491 |   2435 |     56 |    494 |   1346 |   2 | 1245.5 |
               +--------+--------+--------+--------+--------+-----+--------+

Top non-repeatable levels by time:
     D:8: 1463 daAuts
  Lair:1: 1384 daAuts
  Lair:2: 1106 daAuts
     D:7: 985 daAuts
     D:6: 970 daAuts
     D:2: 911 daAuts
     D:5: 876 daAuts
     D:3: 810 daAuts
     D:4: 657 daAuts
     D:1: 655 daAuts
     D:9: 640 daAuts
    D:10: 611 daAuts
  Temple: 66 daAuts
